 Dungeon Crawl Stone Soup version 0.31-a0-233-g139696dc86 (webtiles) character file.

Game seed: 3990154095464736329

1647 qw the Skirmisher (level 8, -1/71 HPs)
             Began as a Minotaur Hexslinger on July 8, 2023.
             Slain by a white imp (4 damage)
             ... summoned by Eustachio
             ... on level 6 of the Dungeon.
             The game lasted 00:01:56 (3965 turns).

qw the Skirmisher (Minotaur Hexslinger)             Turns: 3965, Time: 00:01:57

Health: -1/71      AC:  5    Str: 12 (13) XL:     8   Next: 67%
Magic:  8/8        EV: 12    Int: 10      God:
Gold:   54         SH:  0    Dex: 14 (15) Spells: 8/9 levels left

rFire   . . .        Y - +2 orcbow (freeze)
rCold   . . .        (shield currently unavailable)
rNeg    . . .        g - +0 leather armour "Debi Adi" {-Cast Will+ Regen+}
rPois   .            (helmet restricted)
rElec   .            e - +0 cloak
rCorr   .            (no gloves)
SInv    +            h - +0 pair of boots
Will    +....        (no amulet)
Stlth   +            i - ring of see invisible
HPRegen 1.11/turn    (no ring)
MPRegen 0.11/turn

%: no spellcasting
@: no status effects
A: horns 2, retaliatory headbutt
a: no special abilities


You were on level 6 of the Dungeon.
You visited 1 branch of the dungeon, and saw 6 of its levels.

You collected 318 gold pieces.
You spent 264 gold pieces at shops.


Innate Abilities, Weirdness & Mutations

You have a pair of horns on your head.
You reflexively headbutt those who attack you in melee.


   Skills:
 + Level 6.8 Fighting
 - Level 10.0 Ranged Weapons
 - Level 2.5 Armour
 - Level 3.1 Dodging
 - Level 1.0 Spellcasting
 - Level 2.0 Hexes


You had 8 spell levels left.
You knew the following spells:

 Your Spells              Type           Power      Damage    Failure   Level
a - Slow                  Hex            16%        N/A       19%         1

Your spell library contained the following spells:

 Spells                   Type           Power      Damage    Failure   Level
 Inner Flame              Hex/Fire       2%         N/A       65%         3
 Portal Projectile        Hex/Tloc       4%         N/A       65%         3
 Cause Fear               Hex            2%         N/A       88%         4

Inventory:

Hand Weapons
 Y - a +2 orcbow of freezing (weapon)
Armour
 e - a +0 cloak (worn)
 g - the +0 leather armour "Debi Adi" (worn) {-Cast Will+ Regen+}
   (You found it on level 2 of the Dungeon)

   -Cast:     It prevents spellcasting.
   Regen:     It increases your rate of health regeneration.
   Will:      It increases your willpower.
 h - a +0 pair of boots (worn)
Jewellery
 a - a +5 ring of evasion
 i - a ring of see invisible (left hand)
Scrolls
 d - 2 scrolls of identify
Potions
 c - a potion of haste
 f - a potion of might
 j - a potion of enlightenment {unknown}
 k - a potion of attraction {unknown}
 l - a potion of cancellation {unknown}

Dungeon Overview and Level Annotations

Branches:
Dungeon (6/15)
 Temple: D:4-7

Altars:
Fedhas
Hepliaklqana
Qazlal

Shops:
D:4 [   D:5 *

Annotations:
D:6 Eustachio


Message History

The rat bites you. The white imp closely misses you.
You shoot an arrow. The arrow hits the iron imp.
The iron imp is severely wounded.
The lemure closely misses you.
Eustachio gestures wildly while chanting.
Eustachio blinks!
The rat closely misses you. x2
The iron imp sputters.
The iron imp barely misses you. You furiously retaliate!
You headbutt the iron imp. The white imp gestures at you.
The puff of frost misses you.
You shoot an arrow. The arrow hits the iron imp.
You kill the iron imp!
The iron imp disappears in a puff of smoke!
The lemure hits you! The rat barely misses you. You furiously retaliate!
You headbutt the rat.
You kill the rat!
The rat's corpse disappears in a puff of smoke!
The rat bites you. The white imp hits you. The white imp freezes you.
You shoot an arrow. The arrow hits the lemure.
The arrow freezes the lemure.
The lemure is lightly wounded.
The lemure hits you!
Eustachio casts a spell.
Eustachio blinks!
The rat misses you. You furiously retaliate!
You headbutt the rat. The white imp closely misses you.
You shoot an arrow. The arrow hits the rat!
The arrow freezes the rat.
You kill the rat!
The rat's corpse disappears in a puff of smoke!
The lemure misses you. You furiously retaliate!
You headbutt the lemure. The lemure hits you but does no damage.
The white imp hits you but does no damage.
You shoot an arrow. The arrow hits the lemure!
The arrow freezes the lemure.
The lemure is severely wounded.
The lemure hits you but does no damage. The lemure barely misses you.
The white imp barely misses you.
You shoot an arrow. The arrow closely misses the lemure.
The lemure hits you but does no damage. The lemure closely misses you.
You furiously retaliate!
You headbutt the lemure! The white imp hits you. The white imp freezes you.
You die...

#.........#########.###.#..
#.................##.....#
#.................#......#
#................#.#.....#.
#..............).#.#......#
#................#.#.....#
###..........####...#%###.#
#......5@5.# #...##..
#......)@5.# #...# ....
#.....¤.¤..# #.#.#.# ....
#..........# #.#.#.# ....
#..........# #.#.#.# ...
#..........# ...#... ###
##.........##... ...
#####..[...# #)....#.#
#.....#


You could see Eustachio, 2 lemures and a white imp (summoned).

Vanquished Creatures
  Sigmund (D:5)
  Edmund (D:6)
  An orc warrior (D:6)
  A sky beast (D:6)
  A black bear (D:6)
  A bullfrog (D:4)
  A lemure (D:6)
  2 kobold brigands (D:6)
  Blork the orc (D:6)
  A gnoll sergeant (D:5)
  A scorpion (D:3)
  7 hounds
  3 gnoll boudas (D:5)
  2 iguanas
  An orc wizard (D:5)
  5 adders
  18 gnolls
  2 white imps (D:6)
  An ufetubus (D:6)
  A worm (D:2)
  2 dart slugs
  7 orcs
  10 ball pythons
  An endoplasm (D:4)
  5 giant cockroaches
  6 goblins
  4 hobgoblins
  5 quokkas
  7 bats
  2 frilled lizards (D:1)
  18 kobolds
  7 rats
126 creatures vanquished.

Notes
Turn   | Place    | Note
-------+----------+-------------------------------------------
     0 | D:1      | qw the Minotaur Hexslinger began the quest for the Orb.
     0 | D:1      | Reached XP level 1. HP: 16/16 MP: 1/1
     0 | D:1      | 0 ||| qw: Version: 0.3-a-46-gb1f654a
     0 | D:1      | 0 ||| qw: Game counter: 3687
     0 | D:1      | 0 ||| qw: Melee chars always use a shield: true
     0 | D:1      | 0 ||| qw: God list: Okawaru
     0 | D:1      | 0 ||| qw: Allow faded altars: false
     0 | D:1      | 0 ||| qw: Do Orc after clearing Dungeon:15 true
     0 | D:1      | 0 ||| qw: Do second Lair branch before Depths: true
     0 | D:1      | 0 ||| qw: Lair rune preference: random
     0 | D:1      | 0 ||| qw: Goals: Normal
     0 | D:1      | 0 ||| PLANNING D:1-11
   145 | D:1      | Reached skill level 3 in Ranged Weapons
   145 | D:1      | Reached XP level 2. HP: 17/23 MP: 2/2
   633 | D:1      | 633 ||| READING scroll labelled BEOM ENYBUOWE.
   634 | D:1      | 634 ||| DRINKING 2 bubbling black potions.
   635 | D:1      | 635 ||| DROPPING scroll of poison.
   636 | D:1      | 636 ||| DROPPING potion of brilliance.
   737 | D:2      | Reached XP level 3. HP: 17/29 MP: 3/3
  1217 | D:2      | Reached skill level 4 in Ranged Weapons
  1234 | D:2      | Found a faded altar of an unknown god.
  1256 | D:2      | Identified the +0 leather armour "Debi Adi" {-Cast Will+
                  | Regen+}
  1598 | D:2      | 1598 ||| UPGRADING to +0 leather armour "Debi Adi" {-Cast
                  | Will+ Regen+}.
  1608 | D:2      | 1608 ||| DROPPING +0 robe.
  1609 | D:2      | 1609 ||| UPGRADING to +0 pair of boots.
  1614 | D:2      | 1614 ||| READING scroll labelled DAEMUK YBB.
  1615 | D:2      | 1615 ||| READING scroll labelled OCVITSENWE.
  1616 | D:2      | 1616 ||| READING scroll labelled QUNLURR WUENWU.
  1619 | D:2      | 1619 ||| DRINKING 2 coppery potions.
  1659 | D:2      | 1659 ||| DROPPING potion of lignification.
  1683 | D:3      | Found a hazy altar of Hepliaklqana.
  1684 | D:3      | Found a blossoming altar of Fedhas.
  2033 | D:3      | 2033 ||| READING scroll labelled ISARIO RANTIBAUST.
  2034 | D:3      | 2034 ||| READING scroll labelled CUT FUOPYAC.
  2034 | D:3      | Identified a scroll of acquirement
  2034 | D:3      | 2034 ||| ACQUIRING +2 orcbow of freezing
  2034 | D:3      | Acquired a +2 orcbow of freezing
  2036 | D:3      | 2036 ||| SWAPPING to +2 orcbow of freezing.
  2037 | D:3      | 2037 ||| DROPPING +1 sling.
  2071 | D:4      | Noticed a scorpion
  2078 | D:4      | Reached XP level 4. HP: 28/36 MP: 4/4
  2078 | D:4      | 2078 ||| STAIRDANCE
  2083 | D:3      | Killed a scorpion
  2084 | D:3      | Reached skill level 5 in Ranged Weapons
  2118 | D:4      | Reached XP level 5. HP: 41/41 MP: 5/5
  2155 | D:4      | 2155 ||| Stepping ~*~*~tactically~*~*~ (outnumbered).
  2161 | D:4      | 2161 ||| Stepping ~*~*~tactically~*~*~ (outnumbered).
  2163 | D:4      | 2163 ||| Stepping ~*~*~tactically~*~*~ (outnumbered).
  2168 | D:4      | 2168 ||| FLEEEEING.
  2174 | D:4      | Reached skill level 3 in Fighting
  2234 | D:4      | Found Oxtuf's Antique Armour Boutique.
  2244 | D:4      | Reached skill level 6 in Ranged Weapons
  2249 | D:4      | 2249 ||| BUYING cloak (144 gold).
  2249 | D:4      | Bought a cloak for 144 gold pieces
  2249 | D:4      | 2249 ||| SHOPLISTING runed leather armour (160 gold, have
                  | 40).
  2487 | D:4      | Reached XP level 6. HP: 48/51 MP: 6/6
  2558 | D:4      | 2558 ||| UPGRADING to +0 cloak.
  2563 | D:4      | 2563 ||| READING scroll labelled SAHYQI VITYU.
  2564 | D:4      | 2564 ||| DRINKING 2 amethyst potions.
  2596 | D:5      | Entered Level 5 of the Dungeon
  2729 | D:5      | Reached XP level 7. HP: 59/59 MP: 7/7
  2916 | D:5      | Noticed Sigmund
  2931 | D:5      | Killed Sigmund
  2932 | D:5      | Reached skill level 7 in Ranged Weapons
  2981 | D:5      | Reached skill level 8 in Ranged Weapons
  3003 | D:5      | HP: 15/60 [gnoll sergeant/+0 trident (11)]
  3004 | D:5      | 3004 ||| READING scroll of teleportation.
  3006 | D:5      | HP: 6/60 [gnoll sergeant/+0 trident (4)]
  3374 | D:5      | Reached skill level 3 in Dodging
  3456 | D:5      | Found Qiokyl's Assorted Antiques.
  3460 | D:5      | 3460 ||| BUYING bone wand (96 gold).
  3460 | D:5      | Bought a bone wand for 96 gold pieces
  3460 | D:5      | 3460 ||| SHOPLISTING pair of gloves (108 gold, have 78).
  3460 | D:5      | 3460 ||| BUYING scroll labelled GUOKUOG ISEY (24 gold).
  3460 | D:5      | Bought a scroll labelled GUOKUOG ISEY for 24 gold pieces
  3460 | D:5      | 3460 ||| SHOPLISTING scroll of teleportation (72 gold, have
                  | 54).
  3460 | D:5      | 3460 ||| UPGRADING to ring of see invisible.
  3461 | D:5      | 3461 ||| READING 2 scrolls labelled MIZOOKH BYCIU.
  3462 | D:5      | 3462 ||| READING scroll labelled ROUVUUP KOAKI.
  3463 | D:5      | 3463 ||| READING scroll labelled GUOKUOG ISEY.
  3564 | D:5      | 3564 ||| DRINKING 2 sedimented emerald potions.
  3565 | D:5      | 3565 ||| READING 2 scrolls of identify.
  3565 | D:5      | 3565 ||| IDENTIFYING black potion
  3566 | D:5      | 3566 ||| DROPPING scroll of immolation.
  3567 | D:5      | 3567 ||| DROPPING potion of degeneration.
  3568 | D:5      | 3568 ||| DROPPING wand of flame (14).
  3614 | D:6      | Reached XP level 8. HP: 69/69 MP: 8/8
  3616 | D:6      | Noticed Edmund
  3626 | D:6      | Killed Edmund
  3627 | D:6      | Reached skill level 9 in Ranged Weapons
  3684 | D:6      | 3684 ||| Stepping ~*~*~tactically~*~*~ (outnumbered).
  3715 | D:6      | Reached skill level 6 in Fighting
  3751 | D:6      | Found a stormy altar of Qazlal.
  3810 | D:6      | Noticed Blork the orc
  3815 | D:6      | Killed Blork the orc
  3910 | D:6      | Reached skill level 10 in Ranged Weapons
  3920 | D:6      | 3920 ||| FLEEEEING.
  3932 | D:6      | Noticed Eustachio
  3961 | D:6      | HP: 16/71 [lemure[Pikel] (8)]
  3962 | D:6      | HP: 3/71 [lemure[Pikel] (8)]
  3965 | D:6      | Slain by a white imp

Levels and vault maps discovered:
D:1:      co_arrival_random_square_maze, layout_rooms, minmay_indecisive_spiral
D:2:      layout_basic, shapermc_ecumenical_altar_gd
D:3:      layout_rooms, mainiacjoe_overflow_divided_tiny
D:4:      layout_rooms, serial_shops, shop, serial_bayou_pond_a,
          roderic_st_hans_cross
D:5:      layout_cave_pools, serial_gnoll_camp, gnoll_camp_mini_shop,
          gnoll_camp_mini_loothouse, gnoll_camp_mini_hut, gnoll_camp_medium_01,
          gnoll_camp_mini_basic, minivault_19, uniq_sigmund
D:6:      nicolae_BIG_FREAKIN_CUBE, layout_gridville, grunt_qazlal_sundering,
          trog_butcher_becter, uniq_pikel, uniq_eustachio, uniq_edmund,
          uniq_blork_the_orc

Skill      XL: |  1  2  3  4  5  6  7  8 |
---------------+-------------------------+-----
Ranged Weapons | 3 4 5 6 8 10 | 10.0
Fighting       | 2 3 4 5 6 |  6.8
Armour         | 2 |  2.5
Dodging        | 3 |  3.1
Spellcasting   | |  1.0
Hexes          | |  2.0

Action                     |  1- 3 |  4- 6 |  7- 9 || total
---------------------------+-------+-------+-------++-------
   Fire: Sling             |   154 |       |       ||   154
         Orcbow            |     6 |    84 |   193 ||   283
    Use: Scroll            |     6 |     1 |     5 ||    12
         Potion            |     2 |     1 |     1 ||     4
 Armour: Robe              |    10 |       |       ||    10
         Leather armour    |     9 |     6 |    36 ||    51
  Dodge: Dodged            |    64 |    42 |    97 ||   203

Table legend:
 A = Non-vault XP
 B = Vault XP
 C = Vault XP percentage of total XP
 D = Non-vault monster count
 E = Vault monster count
 F = Vault count percentage of total count
                 A         B        C        D         E       F
            +---------+---------+-------+---------+---------+-------
      Total |    1109 |    1244 |  52.9 |      94 |      31 |  24.8
            +---------+---------+-------+---------+---------+-------
        D:1 |      29 |       6 |  17.1 |      20 |       4 |  16.7
        D:2 |      42 |       0 |   0.0 |      17 |       0 |   0.0
        D:3 |     102 |       0 |   0.0 |      11 |       0 |   0.0
        D:4 |     238 |       0 |   0.0 |      17 |       0 |   0.0
        D:5 |     104 |     842 |  89.0 |       8 |      24 |  75.0
        D:6 |     594 |     396 |  40.0 |      21 |       3 |  12.5
            +---------+---------+-------+---------+---------+-------
